 Dungeon Crawl Stone Soup version 0.29.1-1-gd02db6906a (webtiles) character file.

Game seed: 12398492769173164894

9993 Icepheonix32 the Zephyrmancer (level 11, -18/60 HPs)
             Began as a Tengu Air Elementalist on Oct 6, 2022.
             Was a Believer of Qazlal.
             Demolished by a large abomination (35 damage)
             ... on level 2 of the Abyss.
             The game lasted 00:23:20 (13200 turns).

Icepheonix32 the Zephyrmancer (TeAE)               Turns: 13200, Time: 00:23:21

Health: -18/60     AC:  8    Str:  9    XL:     11   Next: 55%
Magic:  11/21      EV: 19    Int: 13    God:    Qazlal [**....]
Gold:   68         SH:  7    Dex: 17    Spells: 4/22 levels left

rFire   . . .      SeeInvis .   p - +4 long sword (spect)
rCold   . . .      Faith    .   (no shield)
rNeg    . . .      Spirit   .   A - +0 steam dragon scales
rPois   .          Reflect  +   e - +1 hat
rElec   .          Harm     .   a - +0 cloak
rCorr   .          Rampage  .   o - +0 pair of gloves
Will    .....                   (boots unavailable)
Stlth   ++........              q - amulet of reflection
HPRegen 0.20/turn               (no ring)
MPRegen 0.17/turn               (no ring)

@: flying quickly and evasively, unable to read, quick
A: beak, talons 3, nimble flight, inability to read after injury 1, [dopey 2],
[screaming 2]
a: Renounce Religion, Upheaval


You were on level 2 of the Abyss.
You worshipped Qazlal.
Qazlal was pleased with you.
You visited 1 branch of the dungeon, and saw 9 of its levels.
You visited the Abyss 1 time.

You collected 518 gold pieces.
You spent 450 gold pieces at shops.

Inventory:

Hand Weapons
 n - a +1 long sword of draining
 p - a +4 spectral long sword (weapon)
Missiles
 d - 32 poisoned darts
 r - 6 curare-tipped darts
 y - 2 throwing nets
Armour
 a - a +0 cloak (worn)
 e - a +1 hat (worn)
 o - a +0 pair of gloves (worn)
 A - +0 steam dragon scales (worn)
Jewellery
 q - an amulet of reflection (around neck)
Wands
 s - a wand of digging (4)
 t - a wand of paralysis (6)
 w - a wand of light (15)
 B - a wand of flame (20)
Scrolls
 g - a scroll of vulnerability
 h - 6 scrolls of immolation
 j - 6 scrolls of teleportation
 m - 2 scrolls of amnesia
 v - 3 scrolls of fear
Potions
 b - 2 potions of magic
 c - 3 potions of curing
 f - 6 potions of might
 i - a potion of ambrosia
 k - 2 potions of haste
 l - a potion of brilliance {unknown}
 x - 2 potions of resistance
 z - 3 potions of cancellation
 C - 2 potions of mutation {unknown}


   Skills:
 + Level 3.0 Fighting
 + Level 1.1(3.4) Short Blades
 + Level 5.3 Long Blades
 + Level 2.4 Armour
 * Level 7.9 Dodging
 + Level 4.0 Stealth
 + Level 1.0 Shields
 + Level 6.3 Spellcasting
 * Level 10.3 Conjurations
 * Level 4.6 Necromancy
 * Level 12.7 Air Magic
 + Level 1.0 Poison Magic


You had 4 spell levels left.
You knew the following spells:

 Your Spells              Type           Power      Damage    Failure   Level
a - Shock                 Conj/Air       100%       1d9       1%          1
b - Static Discharge      Conj/Air       34%        3-8/arc   1%          2
c - Swiftness             Air            37%        N/A       1%          3
d - Airstrike             Air            18%        2d(3-19)  1%          4
e - Corpse Rot            Necr/Pois/Air  20%        N/A       13%         4
f - Dispel Undead         Necr           16%        3d10      24%         4

Your spell library contained the following spells:

 Spells                   Type           Power      Damage    Failure   Level
 Poisonous Vapours        Pois/Air       44%        N/A       1%          2
 Gell's Gravitas          Tloc           4%         N/A       43%         3
 Teleport Other           Tloc           4%         N/A       43%         3
 Animate Armour           Summ/Erth      8%         N/A       85%         4
 Iron Shot                Conj/Erth      8%         9d3       96%         6
 Death Channel            Necr           8%         N/A       98%         6
 Blade Hands              Tmut           2%         N/A       99%         5
 Dispersal                Tloc           2%         N/A       100%        6


Dungeon Overview and Level Annotations

Branches:
Dungeon (9/15)             Temple (0/1) D:5            Lair (0/5) D:8
    Orc: D:9-12

Altars:
Cheibriados
Dithmenos
Makhleb
Qazlal
Trog
Uskayaw
Yredelemnul
Zin
The Shining One
Lugonu

Shops:
D:8 *

Portals:
Abyss: D:4

Annotations:
D:9 Erolcha


Innate Abilities, Weirdness & Mutations

You have a beak for a mouth.
You have claws for feet.
Your magical nature lets you fly swiftly and evasively.
You occasionally lose the ability to read scrolls when taking damage.
[You are very dopey. (Int -4)]
[You frequently scream uncontrollably at your foes.]


Message History

You claw the wretched star, but do no damage.
Your peck misses the wretched star.
The wretched star is heavily damaged.
Your +4 spectral long sword hits the wretched star!
Unknown command.
You slash the wretched star!
The wretched star is severely damaged.
Your +4 spectral long sword hits the wretched star!
The large abomination misses you.
Unknown command.
You hit the wretched star. You claw the wretched star.
You destroy the wretched star!
Qazlal accepts your kill. The large abomination misses you.
You feel your intelligence returning.
Your Fighting skill increases to level 3!
Unknown command.
Casting: Static Discharge (safe; 1% risk of failure)
Confirm with . or Enter, or press ? or * to list all spells.
The large abomination is struck by an arc of lightning!
The large abomination is moderately damaged.
You are struck by an arc of lightning.
The large abomination is struck by an arc of lightning.
The large abomination is moderately damaged.
You are struck by an arc of lightning.
The lightning grounds out.
The large abomination hits you!!
Ouch! That really hurt!
* * * LOW HITPOINT WARNING * * *
Unknown command.
Casting: Static Discharge (safe; 1% risk of failure)
Confirm with . or Enter, or press ? or * to list all spells.
Aiming: Airstrike (dangerous; 1% risk of failure)
Press: ? - help, Dir - move target, f - large abomination
Aim: a large abomination (moderately damaged, empty space bonus: 7/8)
The air twists around and strikes the large abomination!
The large abomination is heavily damaged.
The large abomination hits you!!
You feel threatened and lose the ability to read scrolls!
Ouch! That really hurt!
You die...

. # . # .# #..#..
.... # ##.#.. . .. .
.. .>....# .. ..... #
...##. #..... . # .
......... ... #.##...
....
#...####.##..##..#..
#..@....∩........
......X.#####.##.....
........... .........
.##...#.###### ###.#.
....#... .. #.... .##
. .#.# .. ## ..


You could see a large abomination.

Vanquished Creatures
  2 two-headed ogres (D:9)
  5 death yaks
  A wretched star (Abyss:2)
  A hornet (D:8)
  Sigmund (D:5)
  2 wyverns
  3 yaks (D:8)
  A neqoxec (Abyss:2)
  Eustachio (D:5)
  2 steam dragons
  Duvessa (D:5)
  A water moccasin (D:6)
  3 ice beasts
  2 orc warriors
  3 black bears (D:6)
  4 sky beasts
  3 centaurs
  An ogre (D:5)
  2 phantoms (D:5)
  A kobold brigand (D:8)
  A gnoll sergeant (D:9)
  7 bullfrogs
  2 necrophages
  3 scorpions
  2 wights (D:7)
  Dowan (D:5)
  A howler monkey (D:5)
  5 hounds
  8 jellies
  3 orc priests
  2 iguanas
  2 orc wizards
  A gnoll bouda (D:7)
  16 gnolls
  9 adders
  2 shadow imps
  4 white imps
  An ufetubus (D:6)
  2 worms (D:2)
  3 dart slugs
  16 orcs
  4 bats
  4 endoplasms
  6 giant cockroaches
  5 goblins
  10 hobgoblins
  4 jackals (D:1)
  15 kobolds
  6 quokkas
  9 ball pythons
  3 frilled lizards
  3 rats
200 creatures vanquished.

Vanquished Creatures (others)
  A lurking horror (D:4)
  A plant (D:1)
2 creatures vanquished.

Grand Total: 202 creatures vanquished

Notes
Turn   | Place    | Note
-------+----------+-------------------------------------------
     0 | D:1      | Icepheonix32 the Tengu Air Elementalist began the quest for
                  | the Orb.
     0 | D:1      | Reached XP level 1. HP: 10/10 MP: 4/4
   203 | D:1      | Reached XP level 2. HP: 15/15 MP: 0/6
   750 | D:1      | Reached XP level 3. HP: 19/19 MP: 3/7
   781 | D:1      | Reached skill level 5 in Air Magic
  1497 | D:1      | Found a faded altar of an unknown god.
  1839 | D:2      | Reached XP level 4. HP: 14/24 MP: 8/8
  2940 | D:3      | Reached skill level 1 in Short Blades
  3336 | D:3      | Learned a level 2 spell: Static Discharge
  3340 | D:3      | Learned a level 3 spell: Swiftness
  3391 | D:3      | Gained mutation: Your magical nature lets you fly swiftly
                  | and evasively. [Tengu growth]
  3391 | D:3      | Reached XP level 5. HP: 28/28 MP: 7/9
  3605 | D:4      | Reached skill level 1 in Fighting
  3908 | D:4      | Found a corrupted altar of Lugonu.
  3909 | D:4      | Found a one-way gate to the infinite horrors of the Abyss.
  4218 | D:4      | Reached skill level 1 in Long Blades
  4483 | D:4      | Reached skill level 1 in Armour
  4483 | D:4      | Reached XP level 6. HP: 32/34 MP: 10/10
  4574 | D:4      | Learned a level 4 spell: Airstrike
  4607 | D:4      | Found a basalt altar of Yredelemnul.
  4608 | D:4      | Found a bloodstained altar of Trog.
  4734 | D:5      | Entered Level 5 of the Dungeon
  4774 | D:5      | Noticed Eustachio
  4801 | D:5      | Killed Eustachio
  4981 | D:5      | Reached skill level 6 in Air Magic
  4995 | D:5      | Reached XP level 7. HP: 38/38 MP: 9/12
  5294 | D:5      | Noticed Sigmund
  5311 | D:5      | Killed Sigmund
  5590 | D:5      | Noticed Dowan
  5596 | D:5      | Reached skill level 5 in Conjurations
  5596 | D:5      | Reached XP level 8. HP: 43/43 MP: 9/14
  5606 | D:5      | Killed Dowan
  5765 | D:5      | Reached skill level 7 in Air Magic
  5835 | D:5      | Noticed Duvessa
  6684 | D:6      | Found a glowing silver altar of Zin.
  6688 | D:6      | Found a hide-covered altar of Uskayaw.
  6699 | D:6      | Found a burning altar of Makhleb.
  6702 | D:6      | Found a stormy altar of Qazlal.
  6721 | D:6      | Found a snail-covered altar of Cheibriados.
  6876 | D:6      | Became a worshipper of Qazlal Stormbringer
  7004 | D:6      | Reached skill level 8 in Air Magic
  7534 | D:6      | Reached skill level 5 in Dodging
  7536 | D:6      | Reached XP level 9. HP: 24/47 MP: 7/16
  7718 | D:6      | Reached skill level 9 in Air Magic
  8392 | D:5      | Found a staircase to the Ecumenical Temple.
  8535 | D:5      | Killed Duvessa
  8901 | D:5      | Reached skill level 10 in Air Magic
  9066 | D:7      | Reached skill level 5 in Spellcasting
  9444 | D:7      | Found a large runed translucent door.
  9445 | D:7      | Found a large runed translucent door.
  9454 | D:7      | Reached XP level 10. HP: 53/53 MP: 15/18
  9528 | D:7      | Learned a level 4 spell: Corpse Rot
  9596 | D:7      | Reached * piety under Qazlal
  9602 | D:7      | Reached skill level 1 in Necromancy
  9969 | D:7      | Found a glowing golden altar of the Shining One.
  9982 | D:7      | Found a shadowy altar of Dithmenos.
 10121 | D:8      | Noticed a death yak
 10123 | D:8      | Noticed a death yak
 10125 | D:8      | Noticed a death yak
 10126 | D:8      | Noticed a death yak
 10264 | D:8      | Found Ohi Xuen's Neck Hole.
 10275 | D:8      | Reached skill level 11 in Air Magic
 10405 | D:8      | Bought an amulet of reflection for 450 gold pieces
 10429 | D:8      | Found a staircase to the Lair.
 10447 | D:8      | Noticed a death yak
 10472 | D:7      | Killed a death yak
 10740 | D:8      | Reached ** piety under Qazlal
 11010 | D:8      | Learned a level 4 spell: Dispel Undead
 11089 | D:8      | HP: 1/54 [death yak (8)]
 11397 | D:7      | Killed a death yak
 11509 | D:8      | Killed a death yak
 11510 | D:8      | Reached skill level 12 in Air Magic
 11510 | D:8      | Reached XP level 11. HP: 22/59 MP: 9/21
 11859 | D:7      | Killed a death yak
 11860 | D:7      | Reached skill level 10 in Conjurations
 12026 | D:8      | HP: 1/59 [death yak (20)]
 12030 | D:8      | Killed a death yak
 12408 | D:9      | Noticed a two-headed ogre
 12420 | D:9      | Killed a two-headed ogre
 12421 | D:9      | Reached skill level 5 in Long Blades
 12534 | D:9      | Noticed a two-headed ogre
 12542 | D:9      | Killed a two-headed ogre
 12543 | D:9      | Reached skill level 1 in Shields
 13046 | D:9      | Reached skill level 1 in Poison Magic
 13168 | D:9      | Noticed Erolcha
 13170 | Abyss:2  | Cast into level 2 of the Abyss (Erolcha)
 13185 | Abyss:2  | Gained mutation: You occasionally lose the ability to read
                  | scrolls when taking damage. [a neqoxec]
 13190 | Abyss:2  | Noticed a wretched star
 13198 | Abyss:2  | Killed a wretched star
 13200 | Abyss:2  | Demolished by a large abomination

Illustrated notes

Levels and vault maps discovered:
D:1:      dpeg_arrival_erosion, layout_loops_ring,
          shapermc_ecumenical_altar_acropolis, minmay_split_cup_small
D:2:      wander_river, layout_basic
D:3:      layout_loops_ring, wad_floor_pattern_untrapped, grunt_ministairs_7
D:4:      layout_loops_ring, nicolae_overflow_squiral,
          amcnicky_altar_lugonu_corruption
D:5:      layout_basic, minmay_temple_entry_proselytizer, uniq_duvessa,
          uniq_eustachio, uniq_sigmund
D:6:      layout_basic, minmay_overflow_temple_star_hex, minmay_joined_circles
D:7:      layout_rooms, jmf_multi_god_temple2
D:8:      layout_rooms, dpeg_lair_monsters, serial_corexii_hall,
          corexii_hall_statues_x, corexii_hall_statues_s,
          corexii_hall_statues_u, kennysheep_pointless_box,
          nicolae_shop_sticking_my_neck_out
D:9:      layout_loops_ring, roderic_serpentine_path, roderic_lattice_a,
          serial_bayou_ford_a, uniq_joseph, uniq_erolcha
Abyss:2:  base: D:4, minivault_1

Skill      XL: |  1  2  3  4  5  6  7  8  9 10 11 |
---------------+----------------------------------+-----
Conjurations   | 2 3 4 5 7 9 10 | 10.3
Air Magic      | 5 6 8 10 12 | 12.7
Short Blades   | 1 |  1.1
Fighting       | 1 2 3 |  3.0
Long Blades    | 1 2 3 4 5 |  5.3
Armour         | 1 2 |  2.4
Stealth        | 3 4 |  4.0
Dodging        | 3 5 6 7 |  7.9
Spellcasting   | 3 4 5 6 |  6.3
Necromancy     | 3 4 |  4.6
Shields        | 1 |  1.0
Poison Magic   | 1 |  1.0

Action                   |  1- 3 |  4- 6 |  7- 9 | 10-12 || total
-------------------------+-------+-------+-------+-------++-------
Melee: Short sword       |    61 |     6 |       |       ||    67
       Kick              |    15 |     9 |    20 |    41 ||    85
       Peck              |     8 |    10 |    10 |    29 ||    57
       Punch             |     2 |       |       |     2 ||     4
       Long sword        |       |    49 |    82 |    85 ||   216
 Cast: Shock             |    28 |    60 |   118 |    92 ||   298
       Airstrike         |       |     1 |     4 |    16 ||    21
       Static Discharge  |       |       |    33 |    10 ||    43
       Swiftness         |       |       |     1 |       ||     1
       Corpse Rot        |       |       |       |     2 ||     2
  Use: Scroll            |     4 |     1 |    15 |     4 ||    24
       Potion            |       |     1 |     7 |     1 ||     9
 Stab: Sleeping          |     3 |     2 |     3 |       ||     8
       Distracted        |       |       |       |     1 ||     1
Armor: Robe              |    13 |     3 |     8 |       ||    24
       Leather armour    |       |    18 |     4 |       ||    22
       Steam dragon scal |       |       |    22 |     9 ||    31
Dodge: Dodged            |    41 |    52 |   122 |    59 ||   274
Block: Other             |       |       |       |    18 ||    18
